 Dungeon Crawl Stone Soup version 0.30-a0-860-g512cf1e979 (console) character file.

Game seed: 15156975606113338851

106 Ignak the Ogre Mage (level 4, -3/41 HPs)
             Began as an Ogre Hedge Wizard on Mar 8, 2023.
             Blown up by a goblin (18 damage)
             ... with a mindburst bolt
             ... on level 3 of the Dungeon.
             The game lasted 00:05:35 (2221 turns).

Ignak the Ogre Mage (Ogre Hedge Wizard)             Turns: 2221, Time: 00:05:36

Health: -3/41      AC:  3    Str: 16    XL:     4   Next: 84%
Magic:  5/10       EV:  9    Int: 15    God:
Gold:   113        SH:  0    Dex:  8    Spells: 3/11 levels left

rFire   . . .      SeeInvis .    p - +0 mace (venom)
rCold   . . .      Faith    .    (no shield)
rNeg    . . .      Spirit   .    b - +0 robe
rPois   .          Reflect  .    c - +0 hat
rElec   .          Rampage  .    (no cloak)
rCorr   .                        (gloves unavailable)
Will    .....                    (boots unavailable)
Stlth   +                        (no amulet)
HPRegen 0.26/turn                (no ring)
MPRegen 0.12/turn                (no ring)

@: no status effects
A: large, unfitting armour, tough skin 1
a: no special abilities


You were on level 3 of the Dungeon.
You visited 1 branch of the dungeon, and saw 3 of its levels.

You collected 113 gold pieces.

Inventory:

Hand Weapons
 p - a +0 mace of venom (weapon)
Armour
 b - a +0 robe (worn)
 c - a +0 hat (worn)
Scrolls
 e - a scroll of noise {unknown}
 g - 2 scrolls of identify {unknown}
 h - a scroll of enchant armour {unknown}
 l - a scroll of enchant weapon {unknown}
 m - a scroll of acquirement {unknown}
 n - a scroll of immolation {unknown}
 o - a scroll of brand weapon
 r - a scroll of fear {unknown}
Potions
 a - a potion of degeneration {unknown}
 d - a potion of magic
 f - a potion of haste {unknown}
 i - a potion of brilliance {unknown}
 j - a potion of resistance {unknown}
 k - a potion of ambrosia {unknown}
 q - a potion of curing {unknown}


   Skills:
 + Level 1.3 Fighting
 * Level 1.1 Maces & Flails
 + Level 0.9 Armour
 + Level 2.2 Dodging
 - Level 1.4 Stealth
 + Level 0.7 Unarmed Combat
 + Level 4.0 Spellcasting
 + Level 1.5 Conjurations
 - Level 0.8 Summonings
 + Level 1.4 Translocations
 + Level 0.4 Air Magic
 + Level 0.5 Poison Magic


You had 3 spell levels left.
You knew the following spells:

 Your Spells              Type           Power      Damage    Failure   Level
a - Magic Dart            Conj           28%        1d4       10%         1
b - Blink                 Tloc           14%        N/A       16%         2
d - Mephitic Cloud        Conj/Pois/Air  5%         N/A       36%         3
e - Call Imp              Summ           5%         N/A       19%         2

Your spell library contained the following spells:

 Spells                   Type           Power      Damage    Failure   Level
 Necrotise                Necr           12%        1d4       19%         1
 Slow                     Hex            12%        N/A       19%         1
 Poisonous Vapours        Pois/Air       8%         N/A       22%         2
 Cigotuvi's Dreadful Rot  Necr/Pois/Air  8%         N/A       24%         2
 Ozocubu's Armour         Ice            3%         N/A       47%         3
 Vampiric Draining        Necr           3%         2d6       47%         3
 Agony                    Necr           3%         N/A       99%         5
 Metabolic Englaciation   Hex/Ice        1%         N/A       99%         5
 Simulacrum               Ice/Necr       1%         N/A       100%        6


Dungeon Overview and Level Annotations

Branches:
Dungeon (3/15)

Altars:
Vehumet

Shops:
D:1 (


Innate Abilities, Weirdness & Mutations

You are too large for most types of armour.
You have tough skin. (AC +1)


Message History

Your Spellcasting skill increases to level 4!
You feel sick.
You are no longer poisoned.
The endoplasm hits you but does no damage.
The hobgoblin hits you.
Your white imp hits the endoplasm.
Your white imp freezes the endoplasm.
The endoplasm dies!
You hit the hobgoblin but do no damage.
The hobgoblin is poisoned.
The hobgoblin hits you.
You closely miss the hobgoblin.
You feel stable enough to blink again. The hobgoblin hits you.
Your white imp gestures at the hobgoblin.
The puff of frost hits the hobgoblin!
The hobgoblin dies!
You see here a hobgoblin corpse.
A goblin comes into view.
It is wielding a +0 dagger and carrying a wand of mindburst (13).
The goblin zaps a wand.
Your mind is blasted!
A goblin is nearby!
A goblin is nearby!
What are your orders? t - Shout!
Orders for allies: a - Attack new target. r - Retreat! s - Stop attacking. g - Guard the area. f - Follow me.
Anything else - Cancel.
Okay, then.
Sorry, you're not good enough to have a special ability.
Unknown command.
What are your orders? t - Shout!
Orders for allies: a - Attack new target. r - Retreat! s - Stop attacking. g - Guard the area. f - Follow me.
Anything else - Cancel.
Gang up on whom?
Press: ? - help, Dir - move target, f - goblin
Aim: a goblin, wielding a +0 dagger and carrying a wand of mindburst (12) (ally target) Attack!
The goblin zaps a wand.
Your mind is blasted!
You die...

#.... #.... #... #..# #..#
#..#### #.†...# #..##.#
#.@# # #######5.##.#
...........#.
.######..##.# ####..##.#
#.###..g.....#
#.........#..# ##.
#..##.##.##..#########....
.##.##................#


You could see a goblin (ally target) and a friendly white imp (summoned).

Vanquished Creatures
  An orc priest (D:3)
  An adder (D:3)
  A worm (D:2)
  2 dart slugs (D:1)
  3 orcs (D:2)
  3 endoplasms
  2 giant cockroaches (D:1)
  2 goblins
  A hobgoblin (D:1)
  A quokka (D:1)
  2 ball pythons
  5 frilled lizards
  2 kobolds (D:1)
26 creatures vanquished.

Vanquished Creatures (collateral kills)
  2 adders
  A dart slug (D:2)
  4 endoplasms
  A giant cockroach (D:2)
  3 hobgoblins
  A kobold (D:2)
12 creatures vanquished.

Grand Total: 38 creatures vanquished

Notes
Turn   | Place    | Note
-------+----------+-------------------------------------------
     0 | D:1      | Ignak the Ogre Hedge Wizard began the quest for the Orb.
     0 | D:1      | Reached XP level 1. HP: 16/16 MP: 5/5
   113 | D:1      | Found Luruet's Weapon Boutique.
   206 | D:1      | Reached skill level 1 in Conjurations
   206 | D:1      | Reached skill level 1 in Translocations
   323 | D:1      | Reached XP level 2. HP: 18/26 MP: 3/6
   530 | D:1      | Learned a level 2 spell: Blink
   533 | D:1      | Learned a level 2 spell: Call Imp
  1138 | D:1      | Reached skill level 1 in Fighting
  1138 | D:1      | Reached XP level 3. HP: 28/33 MP: 0/8
  1794 | D:2      | Found a radiant altar of Vehumet.
  1933 | D:2      | Learned a level 3 spell: Mephitic Cloud
  2124 | D:3      | Reached XP level 4. HP: 37/41 MP: 6/9
  2184 | D:3      | Reached skill level 1 in Maces & Flails
  2215 | D:3      | Reached skill level 4 in Spellcasting
  2221 | D:3      | Blown up by a goblin

Illustrated notes

Levels and vault maps discovered:
D:1:      dpeg_arrival_round_c, layout_basic, serial_shops, shop, hex_medium
D:2:      layout_loops_cross, basic_altar
D:3:      layout_loops_ring

Skill      XL: |  1  2  3  4 |
---------------+-------------+-----
Conjurations   | 1 |  1.5
Translocations | 1 |  1.4
Dodging        | 2 |  2.2
Fighting       | 1 |  1.3
Maces & Flails | 1 |  1.1
Spellcasting   | 4 |  4.0
Armour         | |  0.9
Stealth        | |  1.4
Unarmed Combat | |  0.7
Summonings     | |  0.8
Air Magic      | |  0.4
Poison Magic   | |  0.5

Action                     |  1- 3 |  4- 6 || total
---------------------------+-------+-------++-------
  Melee: Dagger            |   106 |       ||   106
         Whip              |    16 |       ||    16
         Punch             |     1 |       ||     1
         Mace              |    18 |     9 ||    27
   Cast: Magic Dart        |    31 |       ||    31
         Call Imp          |    14 |     3 ||    17
         Blink             |     1 |     1 ||     2
    Use: Scroll            |     1 |       ||     1
 Armour: Robe              |    55 |     4 ||    59
  Dodge: Dodged            |    72 |    10 ||    82

Table legend: (Time is in decaauts)
 A = Elapsed time spent in this place.
 B = Non-inter-level travel time spent in this place.
 C = Inter-level travel time spent in this place.
 D = Time resting spent in this place.
 E = Time spent auto-exploring this place.
 F = Levels seen in this place.
 G = Mean time per level.
                   A        B        C        D        E       F      G
               +--------+--------+--------+--------+--------+-----+--------+
         Total |   2234 |   2183 |     51 |    511 |   1028 |   3 |  744.7 |
       Dungeon |   2234 |   2183 |     51 |    511 |   1028 |   3 |  744.7 |
               +--------+--------+--------+--------+--------+-----+--------+

Top non-repeatable levels by time:
     D:1: 1204 daAuts
     D:2: 915 daAuts
     D:3: 115 daAuts
